 Dungeon Crawl Stone Soup version 0.30-a0-305-g026cb31310 (webtiles) character file.

Game seed: 15275107665910817837

7 910rd the Covered (level 1, -1/19 HPs)
             Began as an Armataur Fighter on Oct 23, 2022.
             Slain by a kobold
             ... wielding a +1 whip of electrocution
              (3 damage)
             ... on level 1 of the Dungeon.
             The game lasted 00:00:27 (228 turns).

910rd the Covered (Armataur Fighter)                 Turns: 228, Time: 00:00:28

Health: -1/19      AC:  6    Str: 21    XL:     1   Next: 83%
Magic:  1/1        EV:  7    Int:  8    God:
Gold:   5          SH:  4    Dex:  9    Spells: 0/0 levels left

rFire   . . .      SeeInvis .    a - +0 flail
rCold   . . .      Faith    .    c - +0 buckler
rNeg    . . .      Spirit   .    b - +0 scale mail
rPois   .          Reflect  .    (no helmet)
rElec   .          Harm     .    (no cloak)
rCorr   .          Roll     +    (no gloves)
Will    .....                    (no barding)
Stlth   ..........               (no amulet)
HPRegen 0.23/turn                (no ring)
MPRegen 0.07/turn                (no ring)

@: mighty
A: large, rugged brown scales 3, deformed body, armoured tail, roll, long
tongue, awkward tongue
a: no special abilities


You were on level 1 of the Dungeon.
You visited 1 branch of the dungeon, and saw 1 of its levels.

You collected 5 gold pieces.

Inventory:

Hand Weapons
 a - a +0 flail (weapon)
Armour
 b - a +0 scale mail (worn)
 c - a +0 buckler (worn)
Scrolls
 e - 2 scrolls of identify {unknown}


   Skills:
 - Level 2.6 Fighting
 + Level 2.4 Maces & Flails
 - Level 3.6 Armour
 - Level 3.2 Shields


You couldn't memorise any spells.
You didn't know any spells.
Your spell library was empty.

Dungeon Overview and Level Annotations

Branches:
Dungeon (1/15) Zot: 5763

Altars:


Innate Abilities, Weirdness & Mutations

You are completely covered in rugged brown scales. (AC +3, +7% HP)
Armour fits poorly on your strangely shaped body.
You have a long armoured tail.
You roll when moving toward enemies. (Rampage)
Your long tongue fully drains potion bottles. (2x potion effects)
Your tongue gives you trouble enunciating. (1.5x scroll delay)


Message History

A dart slug comes into view.
A dart slug is nearby!
The dart slug launches a dart at you. The slug dart misses you.
You roll towards the dart slug!
You thump the dart slug!
You kill the dart slug!
No target in view!
No target in view!
Found 6 stones.
You open the door.
There is an open door here.
A kobold comes into view.
It is wielding a +1 whip of electrocution.
The kobold moves out of view.
A kobold is nearby!
You roll towards the kobold!
You barely miss the kobold. The kobold barely misses you.
The kobold hits you but does no damage.
You hit the kobold.
The kobold is moderately wounded.
The kobold completely misses you.
You barely miss the kobold.
The kobold is moderately wounded.
The kobold hits you with a +1 whip of electrocution.
You take 2 damage, and have 17/19 hp.
You completely miss the kobold.
The kobold is moderately wounded.
The kobold hits you but does no damage.
You are electrocuted!
Ouch! That really hurt!
* * * LOW HITPOINT WARNING * * *
You take 16 damage, and have 1/19 hp.
MASSIVE DAMAGE!!
You are too injured to fight recklessly!
Unknown command.
Okay, then.
You slurp down every last drop of the potion of might!
You feel very mighty all of a sudden. The kobold closely misses you.
You closely miss the kobold.
The kobold is moderately wounded.
The kobold barely misses you.
The kobold hits you with a +1 whip of electrocution.
You die...

...# ##.##### ##.# .......#
#... ##.###.# ##...# #..# #.#
##.....## #.## #.# #?.......
#.####.# #......# .......#
#...#K###.# #.######
#....@....# #+## ......#
#####.######...## ..###.#
###.# ##.....## ..###.# ##.#.#
##...(...##
.#.##.#######....###.........#
...................'.........+
..###.#######....###.........#
......# ##.#..###.......#
..##### ####.# ###....##


You could see a kobold.

Vanquished Creatures
  A dart slug (D:1)
  2 jackals (D:1)
  A kobold (D:1)
4 creatures vanquished.

Notes
Turn   | Place    | Note
-------+----------+-------------------------------------------
     0 | D:1      | 910rd the Armataur Fighter began the quest for the Orb.
     0 | D:1      | Reached XP level 1. HP: 19/19 MP: 1/1
   228 | D:1      | Slain by a kobold

Illustrated notes

Levels and vault maps discovered:
D:1:      ncdulo_wetmaze, layout_loops_corners, hangedman_glass_teeth

Skill      XL: |  1 |
---------------+----+-----
Maces & Flails | 2 |  2.4
Fighting       | |  2.6
Armour         | |  3.6
Shields        | |  3.2

Action                   || total
-------------------------++-------
Melee: Flail             ||    11
  Use: Potion            ||     1
Armor: Scale mail        ||     3
Dodge: Dodged            ||     6
Block: Buckler           ||     1

Table legend: (Time is in decaauts)
 A = Elapsed time spent in this place.
 B = Non-inter-level travel time spent in this place.
 C = Inter-level travel time spent in this place.
 D = Time resting spent in this place.
 E = Time spent auto-exploring this place.
 F = Levels seen in this place.
 G = Mean time per level.
                   A        B        C        D        E       F      G
               +--------+--------+--------+--------+--------+-----+--------+
         Total |    234 |    234 |      0 |      0 |    205 |   1 |  234.0 |
       Dungeon |    234 |    234 |      0 |      0 |    205 |   1 |  234.0 |
               +--------+--------+--------+--------+--------+-----+--------+

Top non-repeatable levels by time:
     D:1: 234 daAuts
